 Dungeon Crawl Stone Soup version 0.30-a0-297-g0ec75d9ef4 (webtiles) character file.

Game seed: 7322844041311075953

28 themarg the Trooper (level 3, 0/35 HPs)
             Began as a Hill Orc Monk on Oct 18, 2022.
             Slain by a kobold
             ... wielding a +2 whip of venom
              (1 damage)
             ... on level 1 of the Dungeon.
             The game lasted 00:03:11 (785 turns).

themarg the Trooper (Hill Orc Monk)                  Turns: 785, Time: 00:03:12

Health: 0/35       AC:  5    Str: 15    XL:     3   Next: 14%
Magic:  3/3        EV: 11    Int: 10    God:
Gold:   42         SH:  0    Dex: 13    Spells: 2/2 levels left

rFire   . . .      SeeInvis .    a - +0 hand axe
rCold   . . .      Faith    .    (no shield)
rNeg    . . .      Spirit   .    j - +0 ring mail
rPois   .          Reflect  .    (no helmet)
rElec   .          Harm     .    (no cloak)
rCorr   .          Rampage  .    (no gloves)
Will    .....                    (no boots)
Stlth   ..........               (no amulet)
HPRegen 0.25/turn                (no ring)
MPRegen 0.08/turn                (no ring)

@: confused, lethally poisoned (0 -> -23), ambrosia-drunk
A: no striking features
a: no special abilities


You were on level 1 of the Dungeon.
You visited 1 branch of the dungeon, and saw 1 of its levels.

You collected 42 gold pieces.

Inventory:

Hand Weapons
 a - a +0 hand axe (weapon)
Missiles
 f - 9 stones (quivered)
 i - 4 poisoned darts
Armour
 j - a +0 ring mail (worn)
Scrolls
 d - a scroll of acquirement {unknown}
 g - a scroll of fear {unknown}
 h - a scroll of teleportation {unknown}
Potions
 b - 2 potions of attraction {unknown}
 e - a potion of curing {unknown}


   Skills:
 + Level 4.8 Fighting
 - Level 4.0 Axes
 - Level 2.4 Dodging
 - Level 2.0 Stealth


You had 2 spell levels left.
You didn't know any spells.
Your spell library was empty.

Dungeon Overview and Level Annotations

Branches:
Dungeon (1/15)

Altars:


Message History

The endoplasm hits you but does no damage.
You hit the endoplasm.
The endoplasm is lightly wounded.
The endoplasm barely misses you.
You hit the endoplasm.
The endoplasm is heavily wounded.
The endoplasm closely misses you.
You hit the endoplasm.
You kill the endoplasm!
Found a stone staircase leading down.
b - 2 amethyst potions You open the door.
A kobold comes into view. It is wielding a +2 whip of venom.
Found a pair of gloves.
There is an open door here.
Found 5 poisoned darts.
The kobold shouts!
The kobold throws a stone.
The stone closely misses you.
The kobold throws a stone.
The stone barely misses you.
The kobold hits you with a +2 whip of venom.
You barely miss the kobold.
The kobold hits you with a +2 whip of venom.
You are poisoned.
You are too injured to fight recklessly!
You barely miss the kobold.
You feel very sick.
The kobold hits you with a +2 whip of venom.
You are lethally poisoned!
You barely miss the kobold.
* * * LOW HITPOINT WARNING * * *
You feel very sick.
The kobold hits you with a +2 whip of venom.
* * * LOW HITPOINT WARNING * * *
You are more poisoned.
You are confused.
You feel invigorated.
* * * LOW HITPOINT WARNING * * *
You feel extremely sick.
The kobold hits you with a +2 whip of venom.
You die...

#..................# ##.#
#.#######.##.####### #..#
#.#######.##†# #.##
##.........##.# #.#
#..##########+## #†# #.##
##...## ####.### #.###
##....[## #....^.# #)#.##
##...K...###.##.#.#
#....####...@...(.##.#....###
##.......'.........+..........
##.#.....##.........##......###
##.###.##.###.......###..#.#.#
#.## ##.#.# ##.....## #.#....#
##.###.##.# ##...## #.##.#.#
##.#.....# ##+## #. ....#
##......# ##.### #..###†#


You could see a kobold.

Vanquished Creatures
  2 dart slugs (D:1)
  2 ball pythons (D:1)
  An endoplasm (D:1)
  2 giant cockroaches (D:1)
  A goblin (D:1)
  2 hobgoblins (D:1)
  A quokka (D:1)
  4 bats (D:1)
  2 frilled lizards (D:1)
  4 kobolds (D:1)
  3 rats (D:1)
24 creatures vanquished.

Notes
Turn   | Place    | Note
-------+----------+-------------------------------------------
     0 | D:1      | themarg the Hill Orc Monk began the quest for the Orb.
     0 | D:1      | Reached XP level 1. HP: 19/19 MP: 1/1
   242 | D:1      | Reached XP level 2. HP: 27/27 MP: 2/2
   708 | D:1      | Reached XP level 3. HP: 31/34 MP: 3/3
   785 | D:1      | HP: 1/35 [poisoned by a kobold]
   785 | D:1      | Slain by a kobold

Illustrated notes

Levels and vault maps discovered:
D:1:      ebering_hopf_link, layout_loops_corners, serial_shops, shop_fountains

Skill      XL: |  1  2 |
---------------+-------+-----
Fighting       | 4 |  4.8
Stealth        | 2 |  2.0
Axes           | |  4.0
Dodging        | |  2.4

Action                   || total
-------------------------++-------
Melee: Hand axe          ||   106
       Punch             ||     2
  Use: Potion            ||     1
Armor: Robe              ||    21
       Ring mail         ||    11
Dodge: Dodged            ||    71

Table legend: (Time is in decaauts)
 A = Elapsed time spent in this place.
 B = Non-inter-level travel time spent in this place.
 C = Inter-level travel time spent in this place.
 D = Time resting spent in this place.
 E = Time spent auto-exploring this place.
 F = Levels seen in this place.
 G = Mean time per level.
                   A        B        C        D        E       F      G
               +--------+--------+--------+--------+--------+-----+--------+
         Total |    795 |    795 |      0 |     46 |    488 |   1 |  795.0 |
       Dungeon |    795 |    795 |      0 |     46 |    488 |   1 |  795.0 |
               +--------+--------+--------+--------+--------+-----+--------+

Top non-repeatable levels by time:
     D:1: 795 daAuts
